 Dungeon Crawl Stone Soup version 0.29.1-1-gd02db6906a (webtiles) character file.

Game seed: 5411921271223202514

212 warriortoast the Conjurer (level 5, -6/28 HPs)
             Began as a Deep Elf Conjurer on Oct 14, 2022.
             Killed by divine providence
             ... invoked by an orc priest
              (11 damage)
             ... on level 3 of the Dungeon.
             The game lasted 00:05:24 (3705 turns).

warriortoast the Conjurer (Deep Elf Conjurer)       Turns: 3705, Time: 00:05:25

Health: -6/28      AC:  2    Str:  4    XL:     5   Next: 58%
Magic:  4/15       EV: 12    Int: 25    God:
Gold:   204        SH:  0    Dex: 13    Spells: 12/16 levels left

rFire   . . .      SeeInvis .   i - +1 dagger (venom)
rCold   . . .      Faith    .   (no shield)
rNeg    . . .      Spirit   .   a - +0 robe
rPois   .          Reflect  .   (no helmet)
rElec   .          Harm     .   (no cloak)
rCorr   .          Rampage  .   (no gloves)
Will    .....                   (no boots)
Stlth   ++........              (no amulet)
HPRegen 0.09/turn               (no ring)
MPRegen 0.14/turn               (no ring)

@: no status effects
A: no striking features
a: no special abilities


You were on level 3 of the Dungeon.
You visited 1 branch of the dungeon, and saw 3 of its levels.

You collected 204 gold pieces.

Inventory:

Hand Weapons
 i - a +1 dagger of venom (weapon)
Armour
 a - a +0 robe (worn)
Jewellery
 d - an amulet of guardian spirit
Scrolls
 c - 3 scrolls of magic mapping {unknown}
 e - a scroll of silence {unknown}
 g - 2 scrolls of vulnerability {unknown}
 h - 3 scrolls of blinking {unknown}
 l - a scroll of identify {unknown}
 m - a scroll of butterflies {unknown}
Potions
 b - a potion of magic
 f - 2 potions of ambrosia {unknown}
 j - a potion of flight {unknown}
 k - a potion of curing
 n - a potion of heal wounds {unknown}


   Skills:
 - Level 2.4 Dodging
 - Level 2.4 Stealth
 + Level 6.0 Spellcasting
 + Level 6.2 Conjurations


You had 12 spell levels left.
You knew the following spells:

 Your Spells              Type           Power      Damage    Failure   Level
a - Magic Dart            Conj           100%       1d8       1%          1
b - Dazzling Flash        Conj/Hex       46%        N/A       6%          3

Your spell library contained the following spells:

 Spells                   Type           Power      Damage    Failure   Level
 Searing Ray              Conj           76%        2d7       1%          2
 Fulminant Prism          Conj/Hex       11%        3d9       21%         4
 Iskenderun's Mystic Bla  Conj/Tloc      23%        2d6       21%         4


Dungeon Overview and Level Annotations

Branches:
Dungeon (3/15)

Altars:

Annotations:
D:3 Robin


Message History

Press: ? - help, Shift-Dir - straight line, f - rat
Aim: a rat (100% to hit)
The magic dart hits the rat.
You kill the rat!
Casting: Magic Dart (safe; 1% risk of failure)
Confirm with . or Enter, or press ? or * to list all spells.
Aiming: Magic Dart (safe; 1% risk of failure)
Press: ? - help, Shift-Dir - straight line, f - orc
Aim: an orc, wielding a +0 whip and wearing a +0 ring mail (100% to hit)
The magic dart hits the orc.
The orc is heavily wounded.
The orc hits you with a +0 whip.
* * * LOW HITPOINT WARNING * * *
Casting: Magic Dart (safe; 1% risk of failure)
Confirm with . or Enter, or press ? or * to list all spells.
Aiming: Magic Dart (safe; 1% risk of failure)
Press: ? - help, Shift-Dir - straight line, f/p - orc
Aim: an orc, wielding a +0 whip and wearing a +0 ring mail (heavily wounded, 100% to hit)
The magic dart hits the orc but does no damage.
The orc is heavily wounded.
The orc hits you with a +0 whip.
* * * LOW HITPOINT WARNING * * *
Casting: Magic Dart (safe; 1% risk of failure)
Confirm with . or Enter, or press ? or * to list all spells.
Aiming: Magic Dart (safe; 1% risk of failure)
Press: ? - help, Shift-Dir - straight line, f/p - orc
Aim: an orc, wielding a +0 whip and wearing a +0 ring mail (heavily wounded, 100% to hit)
The magic dart hits the orc but does no damage.
The orc is heavily wounded.
The orc closely misses you.
Casting: Magic Dart (safe; 1% risk of failure)
Confirm with . or Enter, or press ? or * to list all spells.
Aiming: Magic Dart (safe; 1% risk of failure)
Press: ? - help, Shift-Dir - straight line, f/p - orc
Aim: an orc, wielding a +0 whip and wearing a +0 ring mail (moderately wounded, 100% to hit)
The magic dart hits the orc.
You kill the orc!
The orc priest calls down the wrath of Beogh upon you.
Beogh smites you!
You die...

†.....#...... #.##.##
>..............##.#...##
...............'.......#
...###.........#......###
.#.# #....... #........#
##.# #..... ##...####.#
#.# #.... ...### #.# #.#
#'#†###.# #.# #.# #.#.
#@# #.# ...
#.#.###)######.# #.#
##.#o#..o...†...# #.#
.##..o.#.#.########
.....o.#.#.# .......#.#.#
...........# .r....##.###
.#... ..#


You could see an orc priest.

Vanquished Creatures
  Natasha (thrice) (D:3)
  4 adders
  2 gnolls (D:3)
  A worm (D:2)
  2 dart slugs
  2 orcs (D:3)
  8 bats
  8 endoplasms
  3 giant cockroaches
  13 goblins
  7 hobgoblins
  A jackal (D:2)
  7 kobolds
  2 quokkas
  4 ball pythons
  4 frilled lizards
  6 rats
77 creatures vanquished.

Vanquished Creatures (others)
  A plant (D:1)
1 creature vanquished.

Grand Total: 78 creatures vanquished

Notes
Turn   | Place    | Note
-------+----------+-------------------------------------------
     0 | D:1      | warriortoast the Deep Elf Conjurer began the quest for the
                  | Orb.
     0 | D:1      | Reached XP level 1. HP: 10/10 MP: 6/6
    19 | D:1      | Found a faded altar of an unknown god.
   345 | D:1      | Reached XP level 2. HP: 15/15 MP: 4/8
   899 | D:2      | Reached skill level 5 in Conjurations
   909 | D:2      | Reached XP level 3. HP: 19/19 MP: 2/10
   913 | D:2      | Learned a level 3 spell: Dazzling Flash
  1477 | D:2      | Reached XP level 4. HP: 24/24 MP: 8/12
  2132 | D:3      | Reached skill level 5 in Spellcasting
  2132 | D:3      | Noticed Robin
  2649 | D:3      | Noticed Natasha
  2655 | D:3      | Killed Natasha
  2806 | D:3      | Reached XP level 5. HP: 28/28 MP: 10/14
  3356 | D:3      | Noticed Natasha
  3363 | D:3      | Killed Natasha
  3504 | D:3      | Noticed Natasha
  3508 | D:3      | Killed Natasha
  3705 | D:3      | Killed from afar by an orc priest

Illustrated notes

Levels and vault maps discovered:
D:1:      scummos_arrival_hexagon, layout_basic,
          hellmonk_ecumenical_altar_pennies_from_heaven, serial_forest,
          infiniplex_forest_clump_long, infiniplex_forest_straight_1,
          infiniplex_forest_clump_small, infiniplex_forest_end_1,
          infiniplex_forest_end_3, minmay_tetromino_t2
D:2:      layout_loops_ring
D:3:      layout_loops_corners, serial_glass, glass_columns_c, glass_columns_b,
          uniq_natasha, uniq_robin

Skill      XL: |  1  2  3  4  5 |
---------------+----------------+-----
Spellcasting   | 4 5 6 |  6.0
Conjurations   | 5 6 |  6.2
Dodging        | |  2.4
Stealth        | |  2.4

Action                   |  1- 3 |  4- 6 || total
-------------------------+-------+-------++-------
Melee: Dagger            |       |     3 ||     3
 Cast: Magic Dart        |    73 |   104 ||   177
Armor: Robe              |       |     2 ||     2
Dodge: Dodged            |     3 |    17 ||    20
